Map: Orbital Shipyard

Players

ImotoFantasy - Winner!

  • Race: Protoss Protoss
  • League: Gold

DontPanic

  • Race: Protoss Protoss
  • League: Platinum

VOD

Have the link to the VOD?

Description

Time

  • Played on: Oct. 25, 2015, 1:35 p.m.
  • Length: 6:26
Show
View Real Time Build Order
Export as new Build Order

ImotoFantasy Protoss - Winner!

Build Orders: Phoenix Opening 

Get SALT Encoding   

  12  0:00  Probe (Chrono Boost)  
  13  0:13  Pylon  
  13  0:17  Probe (Chrono Boost)  
  14  0:28  Probe (Chrono Boost)  
  15  0:35  Gateway  
  15  0:38  Probe (Chrono Boost)  
  16  0:44  Assimilator  
  16  0:49  Probe (Chrono Boost)  
  17  0:52  Assimilator  
  17  0:59  Probe (Chrono Boost)  
  18  1:10  Probe (Chrono Boost)  
  19  1:20  Probe (Chrono Boost)  
  19  1:22  Cybernetics Core  
  20  1:27  Pylon  
  20  1:31  Probe (Chrono Boost)  
  21  1:41  Probe (Chrono Boost)  
  22  1:52  Probe (Chrono Boost)  
  23  1:59  Stargate  
  23  2:03  Mothership Core (Chrono Boost)  
  25  2:15  Pylon  
  25  2:16  Warp Gate (Chrono Boost)  
  25  2:38  Gateway  
  25  2:41  Gateway  
  25  2:43  Pylon, Phoenix (Chrono Boost)  
  27  2:54  Stalker  
  30  3:06  Phoenix (Chrono Boost)  
  30  3:29  Phoenix (Chrono Boost)  
  32  3:45  Nexus  
  32  3:49  Pylon  
  32  3:54  Phoenix (Chrono Boost)  
  34  4:17  Zealot x3  
  34  4:24  Void Ray (Chrono Boost)  
  44  4:29  Pylon  
  44  4:33  Pylon  
  40  4:49  Zealot x3  
  40  5:04  Void Ray (Chrono Boost)  
  38  5:29  Stalker x2  
  38  5:45  Void Ray (Chrono Boost)  
  42  5:50  Pylon  
  40  6:03  Stalker x2  
  40  6:16  Stalker  
Show
View Real Time Build Order
Export as new Build Order

DontPanic Protoss 

Build Orders:  

Get SALT Encoding   

  12  0:02  Probe (Chrono Boost)  
  13  0:13  Probe (Chrono Boost)  
  14  0:18  Pylon  
  14  0:24  Probe (Chrono Boost)  
  15  0:37  Probe (Chrono Boost)  
  15  0:38  Gateway  
  16  0:47  Probe (Chrono Boost)  
  16  0:49  Assimilator  
  17  0:58  Probe (Chrono Boost), Assimilator  
  18  1:08  Probe (Chrono Boost)  
  19  1:19  Probe (Chrono Boost)  
  20  1:27  Cybernetics Core  
  20  1:29  Pylon  
  20  1:32  Probe (Chrono Boost)  
  21  1:36  Zealot  
  23  1:42  Pylon  
  23  1:49  Probe (Chrono Boost)  
  24  2:00  Probe (Chrono Boost)  
  25  2:05  Robotics Facility  
  25  2:09  Warp Gate (Chrono Boost)  
  25  2:16  Adept  
  27  2:33  Gateway  
  27  2:40  Mothership Core  
  29  2:54  Immortal (Chrono Boost)  
  29  2:57  Adept  
  35  3:10  Gateway  
  35  3:15  Gateway  
  35  3:22  Stalker  
  37  3:36  Pylon  
  37  3:55  Immortal (Chrono Boost)  
  39  4:16  Stalker  
  39  4:17  Stalker  
  43  4:18  Stalker  
  43  4:19  Stalker  
  47  4:42  Stalker  
  43  4:53  Stalker x2  
  47  5:07  Pylon  
  37  5:20  Stalker x4  
  35  5:45  Adept  
  35  5:46  Adept  
  35  5:47  Adept x2  
  35  6:09  Stalker x2  
  31  6:16  Stalker  
Tags
 
Add a new tag
Caveats
  • Supply blocks, unpowered buildings, or Contaminate may cause inaccurate times.
  • Supply counts are checked every 10 seconds.